TOP OF THE 1ST |
Plymouth Rocks batting - Pitching for Hendersonville Hitmen : RHP Mang Tow
|
Pitching: RHP Mang Tow
|
|
Batting: LHB Roberto García
|
0-0: Called Strike 0-1: Swinging Strike 0-2: Ball 1-2: Ball 2-2: Ground out 6-3 (Groundball, 6)
|
Batting: LHB Roy Patrick
|
0-0: Ball 1-0: Ball 2-0: Ball 3-0: Base on Balls
|
Batting: RHB Andrés Lara
|
0-0: Called Strike 0-1: SINGLE (Groundball, 4S) (infield hit) Roy Patrick to second
|
Batting: LHB Barrett Waters
|
0-0: Ball 1-0: 3-RUN HOME RUN (Flyball, 89XD), Distance : 430 ft
|
Batting: LHB Roger Moore
|
0-0: Ball 1-0: Ball 2-0: Ball 3-0: Foul Ball, location: 2F 3-1: Foul Ball, location: 2F 3-2: Foul Ball, location: 2F 3-2: Strikes out looking
|
Batting: RHB António Gonzáles
|
0-0: Ball 1-0: DOUBLE (Line Drive, 9LM)
|
Batting: RHB Taylor McFarland
|
0-0: Ball 1-0: Swinging Strike 1-1: Ball 2-1: Ground out 5-3 (Groundball, 56)
|
Top of the 1st over - 3 run(s), 3 hit(s), 0 error(s), 1 left on base; Plymouth 3 - Hendersonville 0 |
BOTTOM OF THE 1ST |
Hendersonville Hitmen batting - Pitching for Plymouth Rocks : RHP Walt Burton
|
Pitching: RHP Walt Burton
|
|
Batting: RHB Lonson Seals
|
0-0: Called Strike 0-1: Foul Ball, location: 2F 0-2: Foul Ball, location: 2F 0-2: Ball 1-2: Fly out, F8 (Flyball, 8RS)
|
Batting: RHB António Zúńiga
|
0-0: Ball 1-0: DOUBLE (Flyball, 89XD)
|
Batting: SHB Tony López
|
0-0: Ball 1-0: Foul Ball, location: 2F 1-1: Ball 2-1: SINGLE (Line Drive, 56) António Zúńiga to third Runner from 3rd tries for Home, SAFE, throw made home Tony López to second
|
Batting: LHB Tony Abete
|
0-0: Ball 1-0: Ball 2-0: Foul Ball, location: 2F 2-1: Ball 3-1: Base on Balls
|
Batting: SHB David Johnstone
|
0-0: Fielders Choice at 2nd, 4-6 (Groundball, 4) Tony López to third
|
Batting: RHB Felipe Rivera
|
0-0: Ball 1-0: Ball 2-0: Fly out, F8 (Flyball, 8RS)
|
Bottom of the 1st over - 1 run(s), 2 hit(s), 0 error(s), 2 left on base; Plymouth 3 - Hendersonville 1 |
TOP OF THE 2ND |
Plymouth Rocks batting - Pitching for Hendersonville Hitmen : RHP Mang Tow
|
Batting: RHB Tadakuni Sugiyama
|
0-0: Ground out 5-3 (Groundball, 56)
|
Batting: RHB Luis Sánchez
|
0-0: DOUBLE (Flyball, 78D)
|
Batting: LHB Roberto García
|
0-0: Ball 1-0: DOUBLE (Groundball, 5L) Luis Sánchez scores
|
Batting: LHB Roy Patrick
|
0-0: Ball 1-0: Ball 2-0: Called Strike 2-1: Fly out, F8 (Flyball, 8LM)
|
Batting: RHB Andrés Lara
|
0-0: Called Strike 0-1: Fly out, F9 (Flyball, 9LSF)
|
Top of the 2nd over - 1 run(s), 2 hit(s), 0 error(s), 1 left on base; Plymouth 4 - Hendersonville 1 |
BOTTOM OF THE 2ND |
Hendersonville Hitmen batting - Pitching for Plymouth Rocks : RHP Walt Burton
|
Batting: LHB Jerry Johnston
|
0-0: Ball 1-0: Foul Ball, location: 2F 1-1: Foul Ball, location: 2F 1-2: Fly out, F9 (Line Drive, 9)
|
Batting: RHB Sugita Ito
|
0-0: Called Strike 0-1: Foul Ball, location: 2F 0-2: Ball 1-2: SINGLE (Line Drive, 7S)
|
Batting: RHB Robert Bly
|
0-0: Ball 1-0: Swinging Strike 1-1: Foul Ball, location: 2F 1-2: Fly out, F9 (Flyball, 9)
|
Batting: RHB Lonson Seals
|
0-0: Ball 1-0: Ball 2-0: Swinging Strike 2-1: Called Strike Sugita Ito steals 2nd base 2-2: Foul Ball, location: 2F 2-2: Ball 3-2: Ground out 6-3 (Groundball, 6)
|
Bottom of the 2nd over - 0 run(s), 1 hit(s), 0 error(s), 1 left on base; Plymouth 4 - Hendersonville 1 |
TOP OF THE 3RD |
Plymouth Rocks batting - Pitching for Hendersonville Hitmen : RHP Mang Tow
|
Batting: LHB Barrett Waters
|
0-0: Called Strike 0-1: Ball 1-1: Ground out 6-3 (Groundball, 6)
|
Batting: LHB Roger Moore
|
0-0: Fly out, F9 (Flyball, 9S)
|
Batting: RHB António Gonzáles
|
0-0: Ball 1-0: Called Strike 1-1: Ground out 4-3 (Groundball, 4S)
|
Top of the 3rd over - 0 run(s), 0 hit(s), 0 error(s), 0 left on base; Plymouth 4 - Hendersonville 1 |
BOTTOM OF THE 3RD |
Hendersonville Hitmen batting - Pitching for Plymouth Rocks : RHP Walt Burton
|
Batting: RHB António Zúńiga
|
0-0: Foul Ball, location: 2F 0-1: Fly out, F8 (Flyball, 8RS)
|
Batting: SHB Tony López
|
0-0: Foul Ball, location: 2F 0-1: Ball 1-1: Ball 2-1: Foul Ball, location: 2F 2-2: Foul Ball, location: 2F 2-2: Foul Ball, location: 2F 2-2: Strikes out swinging
|
Batting: LHB Tony Abete
|
0-0: Fly out, F5 (Flyball, 5D)
|
Bottom of the 3rd over - 0 run(s), 0 hit(s), 0 error(s), 0 left on base; Plymouth 4 - Hendersonville 1 |
TOP OF THE 4TH |
Plymouth Rocks batting - Pitching for Hendersonville Hitmen : RHP Mang Tow
|
Batting: RHB Taylor McFarland
|
0-0: Ball 1-0: Called Strike 1-1: Ball 2-1: Ball 3-1: Swinging Strike 3-2: SOLO HOME RUN (Flyball, 8LXD), Distance : 458 ft
|
Batting: RHB Tadakuni Sugiyama
|
0-0: Swinging Strike 0-1: Ground out 3-1 (Groundball, 34)
|
Batting: RHB Luis Sánchez
|
0-0: Called Strike 0-1: Foul Ball, location: 2F 0-2: Ground out 5-3 (Groundball, 56)
|
Batting: LHB Roberto García
|
0-0: Called Strike 0-1: Foul Ball, location: 2F 0-2: Ball 1-2: Ground out 5-3 (Groundball, 56)
|
Top of the 4th over - 1 run(s), 1 hit(s), 0 error(s), 0 left on base; Plymouth 5 - Hendersonville 1 |
BOTTOM OF THE 4TH |
Hendersonville Hitmen batting - Pitching for Plymouth Rocks : RHP Walt Burton
|
Batting: SHB David Johnstone
|
0-0: Fly out, F8 (Flyball, 8LM)
|
Batting: RHB Felipe Rivera
|
0-0: Called Strike 0-1: Ball 1-1: DOUBLE (Line Drive, 8LD)
|
Batting: LHB Jerry Johnston
|
0-0: Ball 1-0: Swinging Strike 1-1: Called Strike 1-2: Ball 2-2: Ball 3-2: Foul Ball, location: 2F 3-2: Ground out U3 (Groundball, 34) Felipe Rivera to third
|
Batting: RHB Sugita Ito
|
0-0: Ball 1-0: Called Strike 1-1: Fly out, F5 (Popup, 56)
|
Bottom of the 4th over - 0 run(s), 1 hit(s), 0 error(s), 1 left on base; Plymouth 5 - Hendersonville 1 |
TOP OF THE 5TH |
Plymouth Rocks batting - Pitching for Hendersonville Hitmen : RHP Mang Tow
|
Batting: LHB Roy Patrick
|
0-0: Ball 1-0: Ball 2-0: Fly out, F9 (Flyball, 89M)
|
Pitching: RHP Rafael López
|
|
Batting: RHB Andrés Lara
|
0-0: Swinging Strike 0-1: Ball 1-1: Foul Ball, location: 2F 1-2: Ground out 5-3 (Groundball, 5)
|
Batting: LHB Barrett Waters
|
0-0: SINGLE (Flyball, 6MD)
|
Batting: LHB Roger Moore
|
Pickoff Throw to First - Error! E1 Barrett Waters to second 0-0: Ball 1-0: Ground out 4-3 (Groundball, 4)
|
Top of the 5th over - 0 run(s), 1 hit(s), 1 error(s), 1 left on base; Plymouth 5 - Hendersonville 1 |
BOTTOM OF THE 5TH |
Hendersonville Hitmen batting - Pitching for Plymouth Rocks : RHP Walt Burton
|
Batting: RHB Robert Bly
|
0-0: DOUBLE (Groundball, 5L)
|
Batting: RHB Lonson Seals
|
0-0: Ball 1-0: SINGLE (Line Drive, 4M) Robert Bly to third
|
Batting: RHB António Zúńiga
|
0-0: Foul Ball, location: 2F 0-1: Called Strike 0-2: Ball 1-2: SINGLE (Groundball, 34D) Robert Bly scores Lonson Seals to second Runner from 2nd tries for 3rd, SAFE, no throw
|
Batting: SHB Tony López
|
0-0: Ball 1-0: Swinging Strike 1-1: Ball 2-1: TRIPLE (Groundball, 3L) Lonson Seals scores António Zúńiga scores
|
Batting: LHB Tony Abete
|
0-0: Ball 1-0: Called Strike 1-1: Ball 2-1: Ball 3-1: SINGLE (Line Drive, 34) Tony López scores
|
Batting: SHB David Johnstone
|
0-0: Called Strike 0-1: Ball 1-1: SINGLE (Groundball, 4M) (infield hit) Tony Abete to second
|
Batting: RHB Felipe Rivera
|
0-0: Ball 1-0: SINGLE (Line Drive, 56D) Tony Abete to third David Johnstone to second
|
Batting: LHB Jerry Johnston
|
0-0: Swinging Strike 0-1: Foul Ball, location: 2F 0-2: Ball 1-2: Ball 2-2: Ball 3-2: Grounds into double play, 4-6-3 (Groundball, 4M) Tony Abete scores David Johnstone to third
|
Batting: RHB Sugita Ito
|
0-0: Foul Ball, location: 2F 0-1: Foul Ball, location: 2F 0-2: Ball 1-2: Strikes out swinging
|
Bottom of the 5th over - 5 run(s), 7 hit(s), 0 error(s), 1 left on base; Plymouth 5 - Hendersonville 6 |
TOP OF THE 6TH |
Plymouth Rocks batting - Pitching for Hendersonville Hitmen : RHP Rafael López
|
Batting: RHB António Gonzáles
|
0-0: Called Strike 0-1: Called Strike 0-2: Ball 1-2: Strikes out swinging
|
Batting: RHB Taylor McFarland
|
0-0: Swinging Strike 0-1: Ball 1-1: Swinging Strike 1-2: Strikes out swinging
|
Batting: RHB Tadakuni Sugiyama
|
0-0: Called Strike 0-1: Called Strike 0-2: Foul Ball, location: 2F 0-2: Strikes out looking
|
Top of the 6th over - 0 run(s), 0 hit(s), 0 error(s), 0 left on base; Plymouth 5 - Hendersonville 6 |
BOTTOM OF THE 6TH |
Hendersonville Hitmen batting - Pitching for Plymouth Rocks : RHP Walt Burton
|
Batting: RHB Robert Bly
|
0-0: Ground out 5-3 (Groundball, 5L)
|
Batting: RHB Lonson Seals
|
0-0: Foul Ball, location: 2F 0-1: DOUBLE (Groundball, 5L)
|
Batting: RHB António Zúńiga
|
0-0: Foul Ball, location: 2F 0-1: Ball 1-1: Foul Ball, location: 2F 1-2: Ball 2-2: Foul Ball, location: 2F 2-2: Fly out, F7 (Flyball, 7S)
|
Batting: SHB Tony López
|
0-0: Ball 1-0: Ball 2-0: Called Strike 2-1: Swinging Strike 2-2: Strikes out looking
|
Bottom of the 6th over - 0 run(s), 1 hit(s), 0 error(s), 1 left on base; Plymouth 5 - Hendersonville 6 |
TOP OF THE 7TH |
Plymouth Rocks batting - Pitching for Hendersonville Hitmen : RHP Rafael López
|
Batting: RHB Luis Sánchez
|
0-0: Ball 1-0: Swinging Strike 1-1: Ball 2-1: Foul Ball, location: 2F 2-2: Fly out, F9 (Flyball, 89M)
|
Batting: LHB Roberto García
|
0-0: Ball 1-0: Ground out 3-1 (Groundball, 34)
|
Batting: LHB Roy Patrick
|
0-0: Ball 1-0: Ball 2-0: Ball 3-0: Called Strike 3-1: Called Strike 3-2: Foul Ball, location: 2F 3-2: Foul Ball, location: 2F 3-2: Foul Ball, location: 2F 3-2: Foul Ball, location: 2F 3-2: Strikes out looking
|
Top of the 7th over - 0 run(s), 0 hit(s), 0 error(s), 0 left on base; Plymouth 5 - Hendersonville 6 |
BOTTOM OF THE 7TH |
Hendersonville Hitmen batting - Pitching for Plymouth Rocks : RHP Walt Burton
|
Pitching: LHP Enrico Lozano
|
|
Batting: LHB Tony Abete
|
0-0: Ball 1-0: Called Strike 1-1: Ground out U3 (Groundball, 3L)
|
Pitching: RHP Soichiro Ikeda
|
|
Batting: SHB David Johnstone
|
0-0: SINGLE (Groundball, 6MD)
|
Pinch Hitting: SHB Rick Turner
|
0-0: Ball 1-0: Swinging Strike 1-1: Foul Ball, location: 2F 1-2: Foul Ball, location: 2F 1-2: 2-RUN HOME RUN (Flyball, 89XD), Distance : 428 ft
|
Batting: LHB Jerry Johnston
|
0-0: Ball 1-0: Ball 2-0: Foul Ball, location: 2F 2-1: Ball 3-1: Base on Balls
|
Batting: RHB Sugita Ito
|
0-0: SINGLE (Groundball, 34D) Jerry Johnston to second Runner from 2nd tries for 3rd, SAFE, throw made to third
|
Batting: RHB Robert Bly
|
0-0: Called Strike 0-1: Foul Ball, location: 2F 0-2: Foul Ball, location: 2F 0-2: Ball 1-2: Ground out 6-3 (Groundball, 6S) Jerry Johnston scores Sugita Ito to second
|
Pitching: RHP Scot MacIntosh
|
|
Batting: RHB Lonson Seals
|
0-0: Called Strike 0-1: Foul Ball, location: 2F 0-2: Ball 1-2: Fly out, F4 (Popup, 4S)
|
Bottom of the 7th over - 3 run(s), 3 hit(s), 0 error(s), 1 left on base; Plymouth 5 - Hendersonville 9 |
TOP OF THE 8TH |
Plymouth Rocks batting - Pitching for Hendersonville Hitmen : RHP Rafael López
|
Now in RF: Tommy Payne
|
|
Batting: RHB Andrés Lara
|
0-0: Ball 1-0: Foul Ball, location: 2F 1-1: Ball 2-1: Ball 3-1: TRIPLE (Flyball, 8RXD)
|
Batting: LHB Barrett Waters
|
0-0: Ball 1-0: Reached on error, E3 (Groundball, 3L) Andrés Lara scores
|
Pitching: RHP Junior Mateo
|
|
Batting: LHB Roger Moore
|
0-0: Swinging Strike 0-1: Foul Ball, location: 2F 0-2: Foul Ball, location: 2F 0-2: Ball 1-2: Foul Ball, location: 2F 1-2: Ball 2-2: Ground out 4-3 (Groundball, 34) Barrett Waters to second
|
Batting: RHB António Gonzáles
|
0-0: Fly out, F4 (Popup, 4D)
|
Batting: RHB Taylor McFarland
|
0-0: Called Strike 0-1: Swinging Strike 0-2: Strikes out swinging
|
Top of the 8th over - 1 run(s), 1 hit(s), 1 error(s), 1 left on base; Plymouth 6 - Hendersonville 9 |
BOTTOM OF THE 8TH |
Hendersonville Hitmen batting - Pitching for Plymouth Rocks : RHP Scot MacIntosh
|
Batting: RHB António Zúńiga
|
0-0: Ball 1-0: Ball 2-0: Called Strike 2-1: Fly out, F8 (Line Drive, 8RD)
|
Batting: SHB Tony López
|
0-0: Called Strike 0-1: Ball 1-1: Ball 2-1: Ground out 4-3 (Groundball, 4)
|
Batting: LHB Tony Abete
|
0-0: Foul Ball, location: 2F 0-1: Ball 1-1: Ball 2-1: Foul Ball, location: 2F 2-2: Strikes out swinging
|
Bottom of the 8th over - 0 run(s), 0 hit(s), 0 error(s), 0 left on base; Plymouth 6 - Hendersonville 9 |
TOP OF THE 9TH |
Plymouth Rocks batting - Pitching for Hendersonville Hitmen : RHP Junior Mateo
|
Pitching: RHP Bill Lowe
|
|
Batting: RHB Tadakuni Sugiyama
|
0-0: Ground out 3-1 (Groundball, 34)
|
Batting: RHB Luis Sánchez
|
0-0: Ball 1-0: Ground out 5-3 (Groundball, 56S)
|
Batting: LHB Roberto García
|
0-0: Ball 1-0: Foul Ball, location: 2F 1-1: Ball 2-1: SINGLE (Groundball, 56D)
|
Batting: LHB Roy Patrick
|
0-0: Foul Ball, location: 2F 0-1: Called Strike 0-2: Ball 1-2: Foul Ball, location: 2F 1-2: Foul Ball, location: 2F 1-2: Ball 2-2: Strikes out swinging
|
Top of the 9th over - 0 run(s), 1 hit(s), 0 error(s), 1 left on base; Plymouth 6 - Hendersonville 9 |
|